 Dungeon Sprint DCSS version 0.18-a0-1748-g7377c14 (webtiles) character file.

32337 pipel the Imperceptible (level 13, 54/64 HPs)
             Began as a Felid Berserker on Apr 12, 2016.
             Was the Champion of Trog.
             Quit the game in the Dungeon (Sprint V: "Ziggurat Sprint").
             The game lasted 00:17:55 (1359 turns).

pipel the Imperceptible (Felid Berserker)           Turns: 1359, Time: 00:17:55

Health: 54/64      AC:  6    Str: 15    XL:     13   Next: 30%
Magic:  15/15      EV: 43    Int:  9    God:    Trog [******]
Gold:   0          SH:  0    Dex: 30    Spells: 0 memorised, 12 levels left
                                        Lives:  2   Deaths: 2

rFire  . . .     SeeInvis +       - Unarmed
rCold  + . .     Gourm    .     (armour unavailable)
rNeg   . . .     Faith    .     (shield unavailable)
rPois  .         Spirit   .     (helmet unavailable)
rElec  .         Dismiss  .     (cloak unavailable)
rCorr  .         Reflect  .     (gloves unavailable)
SustAt .         Harm     .     (boots unavailable)
MR     +++..     NoTele   +     (no amulet)
Stlth  ++++++++++               r - +6 ring of dexterity
                                q - +6 ring of dexterity

@: very slightly contaminated, regenerating, quick, extremely resistant to
hostile enchantments, uncannily stealthy
A: no armour, no weapons or thrown items, claws 1, fangs 3, rugged brown scales
1, yellow scales 1, see invisible, carnivore 3, clumsy 1, speed 1, frail 1,
shaggy fur 3, slow metabolism 1, strong 1, sharp paws
a: Berserk, Trog's Hand, Brothers in Arms, Burn Spellbooks, Renounce Religion


You were in the Dungeon.
You worshipped Trog.
Trog was exalted by your worship.
You were full.

You visited 1 branch

Inventory:

Jewellery
 q - a +6 ring of dexterity (left paw)
 r - a +6 ring of dexterity (right paw)
 s - a +6 ring of intelligence
 t - a +6 ring of intelligence
 u - a +6 ring of strength
 v - a +6 ring of strength
 C - an uncursed ring of ice
 E - an uncursed ring of sustain attributes
 G - a +4 ring of evasion
 H - an uncursed ring of protection from magic
 J - the ring "Teysig" {rF+ Dex+2}
   (You found it in the Dungeon)

   [ring of dexterity]

   It affects your dexterity (+2).
   It protects you from fire.
 K - an uncursed ring of fire
 M - the ring of Sizaoqee {*Confuse +Fly rElec Str-3 Stlth-}
   (You found it in the Dungeon)

   [ring of loudness]

   It affects your strength (-3).
   It insulates you from electricity.
   It lets you fly.
   It may confuse you when you take damage.
   It makes you less stealthy.
Wands
 k - a wand of disintegration (7/24)
 n - a wand of iceblast (5/15)
 o - a wand of lightning (5/15)
 p - a wand of acid (5/15)
Scrolls
 g - a scroll of blinking
 w - 3 scrolls of recharging
 x - 6 scrolls of fog
 y - a scroll of holy word
 z - 5 scrolls of identify
 A - 5 scrolls of remove curse
 B - 2 scrolls of fear
Potions
 b - 10 potions of curing
 c - 12 potions of heal wounds
 d - 8 potions of haste
 e - 7 potions of magic
 f - 3 potions of berserk rage
 h - 2 potions of brilliance
 j - 2 potions of resistance
 l - 5 potions of agility
 m - 6 potions of might
Books
 P - a book of Minor Magic

   Spells                             Type                      Level
   a - Magic Dart                     Conjuration                  1
   b - Blink                          Translocation                2
   c - Call Imp                       Summoning                    2
   d - Repel Missiles                 Charms/Air                   2
   e - Slow                           Hexes                        2
   f - Conjure Flame                  Conjuration/Fire             3
   g - Mephitic Cloud                 Conjuration/Poison/Air       3
   Trog disapproves of the use of such an item.
 R - a book of Transfigurations

   Spells                             Type                      Level
   a - Irradiate                      Conjuration/Transmutation    5
   b - Statue Form                    Transmutation/Earth          6
   c - Hydra Form                     Transmutation                6
   d - Dragon Form                    Transmutation                7
   Trog disapproves of the use of such an item.
 S - a book of Unlife

   Spells                             Type                      Level
   a - Recall                         Summoning/Translocation      3
   b - Animate Dead                   Necromancy                   4
   c - Control Undead                 Necromancy                   4
   d - Cigotuvi's Embrace             Necromancy                   5
   e - Death Channel                  Necromancy                   6
   f - Simulacrum                     Ice/Necromancy               6
   Trog disapproves of the use of such an item.
 U - Sif Muna's Collected Works on Earthen Poisoning
   (You found it in the Dungeon)

   Spells                             Type                      Level
   a - Cure Poison                    Poison                       2
   b - Stone Arrow                    Conjuration/Earth            3
   c - Ignite Poison                  Fire/Transmutation/Poison    3
   d - Spider Form                    Transmutation/Poison         3
   e - Olgreb's Toxic Radiance        Poison                       4
   f - Lee's Rapid Deconstruction     Earth                        5
   Trog disapproves of the use of such an item.
 V - a book of Power

   Spells                             Type                      Level
   a - Fulminant Prism                Conjuration/Hexes            4
   b - Iskenderun's Mystic Blast      Conjuration                  4
   c - Venom Bolt                     Conjuration/Poison           5
   d - Bolt of Magma                  Conjuration/Fire/Earth       5
   e - Iron Shot                      Conjuration/Earth            6
   f - Orb of Destruction             Conjuration                  7
   g - Spellforged Servitor           Conjuration/Summoning        7
   Trog disapproves of the use of such an item.
 X - a book of the Dragon

   Spells                             Type                      Level
   a - Flame Tongue                   Conjuration/Fire             1
   b - Cause Fear                     Hexes                        4
   c - Bolt of Fire                   Conjuration/Fire             6
   d - Dragon Form                    Transmutation                7
   e - Dragon's Call                  Summoning                    9
   Trog disapproves of the use of such an item.
 Y - the Incunabulum of Lightness and Arcane Weapons
   (You found it in the Dungeon)

   Spells                             Type                      Level
   a - Repel Missiles                 Charms/Air                   2
   b - Swiftness                      Charms/Air                   2
   c - Searing Ray                    Conjuration                  2
   d - Mephitic Cloud                 Conjuration/Poison/Air       3
   e - Force Lance                    Conjuration/Translocation    4
   f - Orb of Destruction             Conjuration                  7
   Trog disapproves of the use of such an item.
Miscellaneous
 i - a fan of gales
 D - a plain deck of defence
 F - a phial of floods
 I - a legendary deck of defence {drawn: 4}
 L - a plain deck of defence
 N - an ornate deck of war
 O - a sack of spiders {used: 1}
 Q - a sack of spiders
 T - a legendary deck of summoning
 W - a box of beasts
 Z - a plain deck of wonders
Comestibles
 a - 4 meat rations


   Skills:
 + Level 15.5 Fighting
 + Level 22.7 Dodging
 * Level 25.1 Stealth
 + Level 18.0 Unarmed Combat
 + Level 2.0 Evocations


You had 12 spell levels left.
You didn't know any spells.

Dungeon Overview and Level Annotations

Branches:
Dungeon (1/1)

Altars:
Ashenzari
Cheibriados
Dithmenos
Elyvilon
Fedhas
Gozag
Kikubaaqudgha
Makhleb
Nemelex Xobeh
Okawaru
Pakellas
Qazlal
Ru
Sif Muna
Trog
Vehumet
Xom
Yredelemnul
Zin
The Shining One
Beogh
Jiyva
Lugonu


Innate Abilities, Weirdness & Mutations

You cannot wear armour.
You are incapable of wielding weapons or throwing items.
You have sharp claws.
You have razor-sharp teeth.
You have supernaturally acute eyesight.
You are carnivorous and can eat meat at any time.
You cover ground quickly.
Your thick and shaggy fur keeps you warm (AC +3, rC+).
You have a slow metabolism.
Your sharp claws are effective at attacking unaware monsters.
You are partially covered in rugged brown scales (AC +1, +3% HP).
You are partially covered in yellow scales (AC +2).
You are clumsy. (Dex -2)
You are frail (-10% HP).
Your muscles are strong. (Str +2)


Message History

The storm dragon roars! x2; The spriggan air mage shouts!
The insubstantial wisp gives a chilling moan.
The spriggan air mage shouts!
The titan shouts!
The electric golem gestures.
The electric golem blinks!
The electric golem hurls lightning at you.
The bolt of lightning hits the storm dragon.
The storm dragon completely resists.
The bolt of lightning misses you.
The spriggan air mage gestures wildly while chanting.
The winds start to flow at the spriggan air mage's will.
The spriggan air mage points at you and mumbles some strange words.
The bolt of lightning misses the electric golem.
The bolt of lightning misses the storm dragon.
The bolt of lightning misses you. The wind drake flaps its wings at you.
The air twists around and strikes you!
The electric golem gestures.
The electric golem blinks!
You take 10 damage, and have 54/64 hp.
Are you sure you want to abandon this character and quit the game? (Confirm with "yes".)

▓....)}".[
.=)E}C[v=[=)..▓.........
..)[=DCkk:C))..▓......|))
......)iDCC....▓......)..
.....DC8.k.....▓.........
....kvi.kk.....▓.......|.
........D...8..▓........|
...............▓.........
........@a.8...▓.......).
...............▓......[..
......a........▓.........
...▓.......▓...▓▓▓▓▓▓▓▓▓▓
...............▓.....8©8.
...............▓.[\|.}§}.
...............▓..}}[.|.|
▓▓▓▓▓▓▓▓▓▓▓▓▓▓▓▓.........
▓.........


You could see 3 electric golems, 6 titans, 4 storm dragons, 6 wind drakes, 2
spriggan air magi, an air elemental, 2 insubstantial wisps, a friendly soldier
ant and a friendly worker ant.

Vanquished Creatures
  2 deep elf master archers (D)
  A draconian monk (D)
  A stone giant (D)
  2 black draconians (D)
  A green draconian (D)
  2 white draconians (D)
  2 yellow draconians (D)
  A purple draconian (D)
  A mottled draconian (D)
  2 merfolk javelineers (D)
  A minotaur (shapeshifter) (D)
  A yaktaur captain (D)
  3 centaur warriors (D)
  A deep elf knight (D)
  A soul eater (D)
  A skeletal warrior (D)
  A death scarab (D)
  A cyclops (D)
  A deep elf archer (D)
  2 deep elf magi (D)
  A wolf spider (D)
  An ugly thing (D)
  A black mamba (D)
  2 spiny frogs (D)
  2 rime drakes (D)
  2 freezing wraiths (D)
  A yaktaur (D)
  A hellion (D)
  3 ice devils (D)
  A tarantella (D)
  A redback (D)
  2 wyverns (D)
  5 shadows (D)
  A fire bat (shapeshifter) (D)
  2 basilisks (D)
  A steam dragon (D)
  2 mottled dragons (D)
  A hell hound (D)
  A water moccasin (D)
  2 porcupines (D)
  A swamp drake (D)
  2 ice beasts (D)
  A sky beast (shapeshifter) (D)
  2 phantoms (D)
  A wasp (shapeshifter) (D)
  2 wolves (D)
  A centaur (D)
  2 giant frogs (D)
  A scorpion (D)
  4 wights (D)
  A crimson imp (D)
  2 orc priests (D)
  An iron imp (D)
  2 orc wizards (D)
  A mummy (D)
  A river rat (D)
  A shadow imp (D)
  3 white imps (D)
  An ufetubus (D)
  An adder zombie (D)
  2 adder skeletons (D)
  3 orcs (D)
  4 bat zombies (D)
  A ball python zombie (D)
  2 giant cockroach zombies (D)
  2 jackal skeletons (D)
  2 jackal zombies (D)
  A quokka skeleton (D)
109 creatures vanquished.

Vanquished Creatures (collateral kills)
  A lich (D)
  A reaper (D)
  A vampire knight (D)
  A vampire mage (D)
  3 skeletal warriors (D)
  4 necromancers (D)
  A rust devil (D)
  A freezing wraith (D)
  A jumping spider (D)
  A shadow (D)
  4 redbacks (D)
  3 vampires (D)
  A phantom (D)
  2 wights (D)
  An iron imp (D)
  An adder zombie (D)
  A bat skeleton (D)
  A bat zombie (D)
  A ball python zombie (D)
  A giant gecko zombie (D)
  A quokka skeleton (D)
  A quokka zombie (D)
33 creatures vanquished.

Vanquished Creatures (others)
  A centaur warrior (D)
  A deep elf knight (D)
  A wyvern (D)
  A wight (D)
4 creatures vanquished.

Grand Total: 146 creatures vanquished

Notes
Turn   | Place    | Note
--------------------------------------------------------------
     0 | D        | pipel the Felid Berserker began the quest for the Orb.
     0 | D        | Reached XP level 1. HP: 10/10 MP: 2/2
     0 | D        | Found a roughly hewn altar of Beogh.
     0 | D        | Found a viscous altar of Jiyva.
     0 | D        | Found a corrupted altar of Lugonu.
     0 | D        | Found a white marble altar of Elyvilon.
     0 | D        | Found a sparkling altar of Nemelex Xobeh.
     0 | D        | Found a burning altar of Makhleb.
     0 | D        | Found an iron altar of Okawaru.
     0 | D        | Found a deep blue altar of Sif Muna.
     0 | D        | Found a radiant altar of Vehumet.
     0 | D        | Found a bloodstained altar of Trog.
     0 | D        | Found a shimmering altar of Xom.
     2 | D        | Reached skill level 5 in Stealth
     2 | D        | Reached XP level 2. HP: 15/15 MP: 3/3
    23 | D        | Entered arena 1.
    30 | D        | Reached skill level 5 in Fighting
    30 | D        | Reached skill level 5 in Unarmed Combat
   130 | D        | Entered arena 2.
   130 | D        | Noticed a crimson imp
   133 | D        | Killed a crimson imp
   133 | D        | Reached ** piety under Trog
   133 | D        | Reached XP level 3. HP: 19/19 MP: 4/4
   136 | D        | Reached XP level 4. HP: 24/24 MP: 5/5
   168 | D        | Entered arena 3.
   168 | D        | Noticed a phantom
   182 | D        | Killed a phantom
   182 | D        | Reached XP level 5. HP: 28/28 MP: 6/6
   208 | D        | Entered arena 4.
   208 | D        | Noticed a sky beast
   208 | D        | Noticed a wasp
   208 | D        | Noticed a cyan ugly thing
   208 | D        | Noticed a wasp
   213 | D        | a wasp changed into a scorpion
   215 | D        | Noticed a fire bat
   215 | D        | a scorpion changed into a fire bat
   217 | D        | Killed a cyan ugly thing
   217 | D        | Reached *** piety under Trog
   217 | D        | Gained mutation: You are covered in thick fur (AC +2). [Felid growth]
   217 | D        | Reached XP level 6. HP: 31/34 MP: 7/7
   217 | D        | Reached XP level 7. HP: 34/38 MP: 8/8
   225 | D        | Killed a fire bat
   225 | D        | Reached skill level 10 in Unarmed Combat
   239 | D        | Gained mutation: You are clumsy. (Dex -2) [mutagenic meat]
   241 | D        | Gained mutation: You are partially covered in rugged brown scales (AC +1, +3% HP). [mutagenic meat]
   242 | D        | Gained mutation: Your muscles are strong. (Str +2) [mutagenic meat]
   243 | D        | Gained mutation: You are frail (-10% HP). [mutagenic meat]
   389 | D        | Entered arena 5.
   389 | D        | Noticed a death scarab
   398 | D        | Killed a death scarab
   398 | D        | Reached skill level 10 in Fighting
   398 | D        | Reached XP level 8. HP: 40/40 MP: 9/9
   461 | D        | Entered arena 6.
   461 | D        | Noticed a shining eye
   461 | D        | Noticed a deep elf knight
   461 | D        | Noticed a deep elf archer
   461 | D        | Noticed a deep elf knight
   461 | D        | Noticed a deep elf mage
   461 | D        | Noticed a deep elf mage
   463 | D        | Noticed an ice dragon
   463 | D        | a shining eye changed into an ice dragon
   474 | D        | Noticed a minotaur
   474 | D        | an ice dragon changed into a minotaur
   477 | D        | Killed a deep elf knight
   477 | D        | Reached skill level 15 in Dodging
   479 | D        | Noticed a rust devil
   479 | D        | Killed a deep elf knight
   479 | D        | Reached **** piety under Trog
   479 | D        | Reached XP level 9. HP: 45/45 MP: 10/10
   482 | D        | Killed a deep elf archer
   483 | D        | Slain by a minotaur (glowing shapeshifter)
   484 | D        | Reached XP level 8. HP: -5/61 MP: 9/9
   489 | D        | Entered arena 6.
   493 | D        | Noticed an orange demon
   493 | D        | Killed a deep elf mage
   493 | D        | Reached ***** piety under Trog
   493 | D        | Reached skill level 6 in Stealth
   494 | D        | Killed a deep elf mage
   494 | D        | Reached XP level 9. HP: 45/45 MP: 10/10
   496 | D        | Killed a minotaur
   504 | D        | Gained mutation: You are partially covered in yellow scales (AC +2). [mutagenic meat]
   528 | D        | Identified the Disquisition on Beguiling and Black Rituals
   551 | D        | Entered arena 7.
   551 | D        | Noticed an efreet
   551 | D        | Noticed an efreet
   551 | D        | Noticed a hell hog
   551 | D        | Noticed a hell hog
   557 | D        | Entered arena 8.
   567 | D        | Reached ****** piety under Trog
   626 | D        | Entered arena 9.
   626 | D        | Noticed a rime drake
   637 | D        | Killed a rime drake
   637 | D        | Reached skill level 7 in Stealth
   639 | D        | HP: 2/70 [burnt (3)]
   641 | D        | Incinerated by a mottled dragon
   642 | D        | Reached XP level 8. HP: -1/64 MP: 9/9
   646 | D        | Entered arena 9.
   651 | D        | Reached XP level 9. HP: 43/47 MP: 10/10
   653 | D        | Reached skill level 8 in Stealth
   701 | D        | Entered arena 10.
   701 | D        | Noticed a wolf spider
   701 | D        | Noticed a jumping spider
   706 | D        | Killed a jumping spider
   715 | D        | Reached skill level 9 in Stealth
   718 | D        | Killed a wolf spider
   723 | D        | Got the ring "Teysig" {rF+ Dex+2}
   726 | D        | Got the ring of Sizaoqee {*Confuse +Fly rElec Str-3 Stlth-}
   771 | D        | Entered arena 11.
   771 | D        | Noticed a white draconian
   771 | D        | Noticed a black draconian
   771 | D        | Noticed a white draconian
   771 | D        | Noticed a mottled draconian
   771 | D        | Noticed a green draconian
   773 | D        | Noticed a black draconian
   773 | D        | Noticed a mottled draconian monk
   773 | D        | Noticed a purple draconian
   773 | D        | Noticed a yellow draconian
   773 | D        | Noticed a yellow draconian
   779 | D        | Killed a white draconian
   779 | D        | Reached skill level 10 in Stealth
   779 | D        | Reached skill level 15 in Unarmed Combat
   779 | D        | Reached XP level 10. HP: 51/51 MP: 11/11
   780 | D        | Killed a mottled draconian
   780 | D        | Reached skill level 11 in Stealth
   781 | D        | Killed a black draconian
   781 | D        | Reached skill level 12 in Stealth
   783 | D        | Killed a white draconian
   784 | D        | Killed a black draconian
   784 | D        | Reached skill level 13 in Stealth
   784 | D        | Reached XP level 11. HP: 55/55 MP: 12/12
   785 | D        | Killed a mottled draconian monk
   785 | D        | Reached skill level 14 in Stealth
   786 | D        | Killed a purple draconian
   786 | D        | Reached skill level 15 in Stealth
   788 | D        | Killed a yellow draconian
   788 | D        | Reached skill level 16 in Stealth
   790 | D        | Killed a yellow draconian
   791 | D        | Killed a green draconian
   791 | D        | Reached skill level 17 in Stealth
   792 | D        | Entered arena 12.
   792 | D        | Noticed a necromancer
   793 | D        | Noticed a vampire knight
   793 | D        | Noticed a lich
   806 | D        | Killed a lich
   806 | D        | Reached skill level 18 in Stealth
   814 | D        | Killed a necromancer
   833 | D        | Killed a vampire knight
   833 | D        | Gained mutation: Your thick and shaggy fur keeps you warm (AC +3, rC+). [Felid growth]
   833 | D        | Reached XP level 12. HP: 34/59 MP: 13/13
   931 | D        | Entered arena 13.
   933 | D        | Noticed a reaper
   940 | D        | Reached skill level 19 in Stealth
   956 | D        | Killed a reaper
   956 | D        | Reached skill level 20 in Stealth
   967 | D        | Identified the Compendium of the Desert
   996 | D        | Entered arena 14.
   997 | D        | Noticed a centaur warrior
   997 | D        | Noticed a centaur warrior
   997 | D        | Noticed a centaur warrior
   997 | D        | Noticed a deep elf master archer
   999 | D        | Noticed a centaur warrior
   999 | D        | Noticed a deep elf master archer
   999 | D        | Noticed a merfolk javelineer
   999 | D        | Noticed a yaktaur captain
   999 | D        | Noticed a stone giant
   999 | D        | Noticed a merfolk javelineer
  1006 | D        | Killed a centaur warrior
  1007 | D        | Killed a yaktaur captain
  1009 | D        | Reached skill level 21 in Stealth
  1014 | D        | Killed a deep elf master archer
  1014 | D        | Killed a centaur warrior
  1016 | D        | Killed a centaur warrior
  1016 | D        | Reached skill level 15 in Fighting
  1020 | D        | Killed a stone giant
  1020 | D        | Reached skill level 22 in Stealth
  1021 | D        | Killed a merfolk javelineer
  1023 | D        | Killed a deep elf master archer
  1023 | D        | Reached skill level 23 in Stealth
  1024 | D        | Killed a centaur warrior
  1025 | D        | Killed a merfolk javelineer
  1025 | D        | Reached skill level 1 in Evocations
  1064 | D        | Entered arena 15.
  1092 | D        | Reached XP level 13. HP: 46/64 MP: 14/14
  1108 | D        | Reached skill level 24 in Stealth
  1150 | D        | Entered arena 16.
  1153 | D        | Noticed a vault guard
  1153 | D        | Noticed a vault guard
  1153 | D        | Noticed a vault guard
  1153 | D        | Noticed a stone giant
  1153 | D        | Noticed a vault guard
  1153 | D        | Noticed a vault guard
  1153 | D        | Noticed a stone giant
  1154 | D        | Noticed a vault guard
  1154 | D        | Noticed a vault guard
  1154 | D        | Noticed a vault guard
  1154 | D        | Noticed a vault guard
  1154 | D        | Noticed a lich
  1154 | D        | Noticed a vault guard
  1154 | D        | Noticed a lich
  1156 | D        | Entered arena 17.
  1201 | D        | Identified Sif Muna's Collected Works on Earthen Poisoning
  1211 | D        | Identified the Incunabulum of Lightness and Arcane Weapons
  1245 | D        | Entered arena 18.
  1281 | D        | Reached skill level 25 in Stealth
  1341 | D        | Entered arena 19.
  1346 | D        | Noticed an acid blob
  1347 | D        | Noticed a death ooze
  1347 | D        | Noticed a death ooze
  1347 | D        | Noticed a death ooze
  1347 | D        | Noticed a death ooze
  1350 | D        | Entered arena 20.
  1354 | D        | Noticed a storm dragon
  1354 | D        | Noticed an electric golem
  1355 | D        | Noticed a titan
  1355 | D        | Noticed a titan
  1355 | D        | Noticed a titan
  1355 | D        | Noticed a titan
  1355 | D        | Noticed an electric golem
  1356 | D        | Noticed a storm dragon
  1356 | D        | Noticed a storm dragon
  1356 | D        | Noticed an electric golem
  1356 | D        | Noticed a titan
  1356 | D        | Noticed a titan
  1356 | D        | Noticed a storm dragon
  1356 | D        | Noticed a titan
  1359 | D        | Quit the game

Vault maps used:
D:        sprint_v

Skill      XL: |  1  2  3  4  5  6  7  8  9 10 11 12 13 |
---------------+----------------------------------------+-----
Fighting       | 4 5 6 7 9 10 11 13 14 15 | 15.5
Dodging        | 6 7 8 9 12 14 17 18 19 21 22 | 22.7
Stealth        | 5 6 10 13 18 23 25 | 25.1
Unarmed Combat | 4 5 6 7 9 11 13 15 16 17 18 | 18.0
Evocations     | 1 2 |  2.0

Action                   |  1- 3 |  4- 6 |  7- 9 | 10-12 | 13-15 || total
-------------------------+-------+-------+-------+-------+-------++-------
Melee: Unarmed           |    10 |    17 |    73 |    73 |    70 ||   243
       Bite              |     2 |     4 |     9 |    10 |    16 ||    41
       Punch             |     1 |     3 |     7 |     7 |     6 ||    24
Invok: Berserk           |     2 |     2 |     7 |     4 |     1 ||    16
       Trog's Hand       |       |     1 |     5 |     4 |     6 ||    16
       Brothers in Arms  |       |       |     1 |     4 |     4 ||     9
       Burn Spellbooks   |       |       |       |     1 |     2 ||     3
Evoke: Hammer            |       |       |     1 |     3 |       ||     4
       Sack of spiders   |       |       |       |       |     2 ||     2
       Phial of floods   |       |       |       |       |     1 ||     1
  Use: Potion            |     1 |     1 |     2 |     1 |       ||     5
       Scroll            |       |       |     2 |       |     2 ||     4
 Stab: Sleeping          |       |       |     2 |     9 |       ||    11
       Distracted        |       |       |     1 |     2 |     1 ||     4
       Invisible         |       |       |       |    14 |       ||    14
  Eat: Meat ration       |       |     1 |       |       |       ||     1
       Chunk             |       |       |    21 |     6 |     2 ||    29
Armor: Skin              |       |       |     3 |     2 |     2 ||     7
Dodge: Dodged            |     4 |    10 |    95 |   101 |   129 ||   339
